 Dungeon Crawl Stone Soup version 0.23-a0-4-g8f018a2 (webtiles) character file.

38 Amnesiac the Chucker (level 3, -3/28 HPs)
             Began as a Mummy Hunter on July 31, 2018.
             Slain by Natasha (7 damage)
             ... on level 2 of the Dungeon.
             The game lasted 00:01:52 (1156 turns).

Amnesiac the Chucker (Mummy Hunter)                 Turns: 1156, Time: 00:01:53

Health: -3/28      AC:  3    Str: 16    XL:     3   Next: 25%
Magic:  3/3        EV: 11    Int: 10    God:
Gold:   51         SH:  0    Dex: 12    Spells: 2/2 levels left

rFire    x . .     SeeInvis .   f - +0 mace (curse)
rCold    + . .     Gourm    .   (no shield)
rNeg     + + +     Faith    .   b - +0 leather armour
rPois    ∞         Spirit   .   (no helmet)
rElec    .         Reflect  .   (no cloak)
rCorr    .         Harm     +   (no gloves)
MR       .....                  (no boots)
Stlth    +.........             l - amulet of harm
HPRegen  0.09/turn              (no ring)
MPRegen  0.08/turn              (no ring)

@: slowed, very slow
A: no food or potions, fire vulnerability, cold resistance 1, negative energy
resistance 3, torment resistance, unbreathing
a: no special abilities


You were on level 2 of the Dungeon.
You were not hungry.

You visited 1 branch of the dungeon, and saw 2 of its levels.

You collected 51 gold pieces.

Inventory:

Hand Weapons
 a - a +0 short sword
 f - a cursed +0 mace (weapon)
 k - a cursed -2 mace
Missiles
 i - 3 stones (quivered)
 j - 36 sling bullets
Armour
 b - a +0 leather armour (worn)
 g - a +0 cloak
Jewellery
 l - an amulet of harm (around neck)
Scrolls
 e - a scroll of amnesia {!r, unknown}


   Skills:
 + Level 2.6 Fighting
 * Level 3.9 Throwing
 - Level 1.5 Dodging
 - Level 0.7 Stealth


You had 2 spell levels left.
You didn't know any spells.
Your spell library was empty.

Dungeon Overview and Level Annotations

Branches:
Dungeon (2/15)

Altars:

Annotations:
D:2 Natasha


Innate Abilities, Weirdness & Mutations

You do not eat or drink.
Your flesh is vulnerable to fire.
You are immune to poison.
Your flesh is cold resistant. (rC+)
You are immune to negative energy. (rN+++)
You are immune to unholy pain and torment.
You can survive without breathing.


Message History

Press: ? - help, Shift-Dir - straight line, f/p - Natasha
Aim: Natasha You throw a javelin.
The javelin hits Natasha but does no damage.
Throwing (i - inventory. (/) - cycle)
c - 5 javelins (quivered)
Press: ? - help, Shift-Dir - straight line, f/p - Natasha
Aim: Natasha You throw a javelin.
The javelin barely misses Natasha.
Natasha closely misses you.
Throwing (i - inventory. (/) - cycle)
c - 4 javelins (quivered)
Press: ? - help, Shift-Dir - straight line, f/p - Natasha
Aim: Natasha You throw a javelin.
The javelin misses Natasha.
Natasha claws you. x2
Throwing (i - inventory. (/) - cycle)
c - 3 javelins (quivered)
Press: ? - help, Shift-Dir - straight line, f/p - Natasha
Aim: Natasha You throw a javelin.
The javelin barely misses Natasha.
Natasha claws you.
Throwing (i - inventory. (/) - cycle)
c - 2 javelins (quivered)
Press: ? - help, Shift-Dir - straight line, f/p - Natasha
Aim: Natasha You throw a javelin.
The javelin hits Natasha!
Natasha is almost dead.
Natasha stares at you and mumbles some strange words.
You feel yourself slow down.
Throwing (i - inventory. (/) - cycle)
c - a javelin (quivered)
Press: ? - help, Shift-Dir - straight line, f/p - Natasha
Aim: Natasha (almost dead)
You throw a javelin. The javelin closely misses Natasha.
Natasha misses you. Natasha casts a spell at you. The magic dart hits you!
* * * LOW HITPOINT WARNING * * *
Quiver which item? (- for none, * to show all) (? for menu, Esc to quit)
Okay, then.
Throwing (i - inventory. (/) - cycle)
h - a tomahawk (quivered)
Press: ? - help, Shift-Dir - straight line, f/p - Natasha
Aim: Natasha (almost dead)
You throw a tomahawk. The tomahawk closely misses Natasha.
Natasha claws you but does no damage. x2
Throwing (i - inventory)
i - 7 stones (quivered)
Press: ? - help, Shift-Dir - straight line, f/p - Natasha
Aim: Natasha (almost dead)
You throw a stone. The stone barely misses Natasha.
Natasha claws you!
* * * LOW HITPOINT WARNING * * *
Throwing (i - inventory)
i - 6 stones (quivered)
Press: ? - help, Shift-Dir - straight line, f/p - Natasha
Aim: Natasha (almost dead)
You throw a stone. The stone barely misses Natasha.
Natasha claws you.
* * * LOW HITPOINT WARNING * * *
Natasha misses you.
Throwing (i - inventory)
i - 5 stones (quivered)
Press: ? - help, Shift-Dir - straight line, f/p - Natasha
Aim: Natasha (almost dead)
You throw a stone. The stone hits Natasha.
Natasha is almost dead.
Natasha closely misses you.
Throwing (i - inventory)
i - 4 stones (quivered)
Press: ? - help, Shift-Dir - straight line, f/p - Natasha
Aim: Natasha (almost dead)
You throw a stone.
The stone hits Natasha but does no damage.
Natasha is almost dead.
Natasha growls.
Natasha claws you.
You die...

####### ###
#.....#
....####)###(#####
.......†.# #.(.h@#
..$.....## #######
..5.....#
....h...#
.........
........##
........#
.....#### ##...


You could see Natasha.

Vanquished Creatures
  An adder (D:2)
  A dart slug (D:1)
  A leopard gecko (D:1)
  5 bats (D:1)
  2 giant cockroaches (D:1)
  4 goblins
  4 hobgoblins
  A frilled lizard (D:2)
  4 kobolds
  2 rats
25 creatures vanquished.

Notes
Turn   | Place    | Note
-------+----------+-------------------------------------------
     0 | D:1      | Amnesiac the Mummy Hunter began the quest for the Orb.
     0 | D:1      | Reached XP level 1. HP: 16/16 MP: 1/1
   128 | D:1      | Reached XP level 2. HP: 22/22 MP: 2/2
   631 | D:2      | Reached XP level 3. HP: 13/28 MP: 3/3
   640 | D:2      | HP: 1/28 [goblin/stone (8)]
   658 | D:1      | HP: 1/28 [leopard gecko (2)]
  1131 | D:2      | Noticed Natasha
  1156 | D:2      | Slain by Natasha

Vault maps used:
D:1:      dpeg_arrival_shelter
D:2:      nicolae_qazlal_eye_of_the_storm, first_ration, elyvilon_altar_1,
          uniq_terence, uniq_natasha

Action                   || total
-------------------------++-------
Melee: Mace              ||    55
Throw: Javelin           ||    21
       Tomahawk          ||     9
       Stone             ||     4
       Throwing net      ||     3
Armor: Leather armour    ||    25
Dodge: Dodged            ||    59

Table legend:
 A = Spawn XP
 B = Non-spawn XP
 C = Spawn XP percentage of total XP
 D = Spawn monster count
 E = Non-spawn monster count
 F = Spawn count percentage of total count
 G = Total turns spent on level
                    A         B        C        D         E        F      G
               +---------+---------+-------+---------+---------+-------+---------
         Total |       0 |      55 |   0.0 |       0 |      25 |   0.0 |  1156
               +---------+---------+-------+---------+---------+-------+---------
           D:1 |       0 |      34 |   0.0 |       0 |      18 |   0.0 |   949
           D:2 |       0 |      21 |   0.0 |       0 |       7 |   0.0 |   207
               +---------+---------+-------+---------+---------+-------+---------
